 Dungeon Crawl Stone Soup version 0.20-a0-263-g81abdfb (webtiles) character file.

359 yukitheduck the Changer (level 6, -12/54 HPs)
             Began as a Troll Transmuter on Dec 4, 2016.
             Killed by divine providence
             ... invoked by an orc priest
              (14 damage)
             ... on level 4 of the Dungeon.
             The game lasted 00:14:21 (2688 turns).

yukitheduck the Changer (Troll Transmuter)          Turns: 2688, Time: 00:14:22

Health: -12/54     AC:  6    Str: 20    XL:     6   Next: 37%
Magic:  4/6        EV: 10    Int: 10    God:
Gold:   249        SH:  0    Dex: 10    Spells: 3/7 levels left

rFire  . . .     SeeInvis .       - Unarmed
rCold  . . .     Gourm    +     b - +1 robe
rNeg   . . .     Faith    .     (no shield)
rPois  .         Spirit   .     (helmet restricted)
rElec  .         Reflect  .     (no cloak)
rCorr  +         Harm     .     (gloves unavailable)
MR     .....                    (boots unavailable)
Stlth  +.........               (no amulet)
                                r - ring of resist corrosion
                                g - ring of flight

@: no status effects
A: unfitting armour, claws 3, fast metabolism 3, gourmand, regeneration 1,
shaggy fur 1, tough skin 2
a: Evoke Flight


You were on level 4 of the Dungeon.
You were completely stuffed.

You visited 1 branch of the dungeon, and saw 4 of its levels.

You collected 249 gold pieces.

Inventory:

Missiles
 a - 39 arrows
Armour
 b - a +1 robe (worn)
Jewellery
 g - a ring of flight (left claw)
 r - a ring of resist corrosion (right claw)
Wands
 k - a wand of flame (34/48)
 w - a wand of lightning (15/15)
Scrolls
 h - a scroll of enchant armour
 i - a scroll of teleportation
 j - a scroll of identify
 n - a scroll of magic mapping
 t - a scroll of recharging
Potions
 m - 2 potions of curing
 q - a potion of magic
 s - a potion of agility
Books
 c - a book of Changes

   Spells                             Type                      Level
   a - Beastly Appendage              Transmutation                1
   b - Sticks to Snakes               Transmutation                2
   c - Spider Form                    Transmutation/Poison         3
   d - Ice Form                       Ice/Transmutation            4
   e - Blade Hands                    Transmutation                5
Comestibles
 d - 2 bread rations
 f - a meat ration
 o - 3 beef jerkies
 p - 3 fruits


   Skills:
 - Level 0.7 Fighting
 - Level 1.5 Dodging
 - Level 3.0 Unarmed Combat
 - Level 1.2 Spellcasting
 + Level 5.1 Transmutations


You had 3 spell levels left.
You knew the following spells:

 Your Spells              Type           Power        Failure   Level  Hunger
a - Beastly Appendage     Tmut           ##....       4%          1    ##.....
b - Spider Form           Tmut/Pois      #.........   38%         3    ####...


Dungeon Overview and Level Annotations

Branches:
Dungeon (4/15)
 Temple: D:4-7

Altars:
Gozag
Vehumet

Shops:
D:4 =

Annotations:
D:4 Sigmund


Innate Abilities, Weirdness & Mutations

You are too large for most types of armour.
You have claws for hands.
Your metabolism is lightning-fast.
You like to eat raw meat.
Your natural rate of healing is unusually fast.
You are covered in fur. (AC +1)
You have very tough skin. (AC +2)


Message History

You hear some strange, mumbled words.
Something tries to affect you, but you resist.
The orc priest invokes the aid of Beogh against you.
Beogh smites you!
* * * LOW HITPOINT WARNING * * *
You closely miss something.
Your transformation has ended.
Your +1 robe unmelds from your body.
Something hits you but does no damage.
The orc priest hits you but does no damage.
You claw something! Something hits you!
* * * LOW HITPOINT WARNING * * *
The orc priest closely misses you.
You miss something. You closely miss something.
The orc priest hits you but does no damage.
Something hits you but does no damage.
You closely miss something.
The orc priest calls down the wrath of Beogh upon you.
Beogh smites you!
You die...

**,***,,*,*,,,,,,,,,,,,,**,#.#
*,*,,,,,*,*..***,,,,,,,,,,,..#
**,*,,,,,,,..***********,**#.#
*,*,**,,,,..,* #.# #.#
*,*,**,,**#.** #.# #.#
*,*,**,,###o*****### #.# #.#
*,*,**,,,...,,,,,..# #.# #.#
*,*,**#.###o####*#.# #.###.#
*,,,,*#.....@..###.# ##.#....
*,,*,........{.....###....###
**,,,######.##.##.........# #
**,,,,,,...*#.#######....###
******####*#!........∩#...>
################


You could see 2 orc priests.

Vanquished Creatures
  An ogre (D:4)
  A scorpion (D:4)
  A centaur skeleton (D:4)
  An orc priest (D:4)
  An orc wizard (D:3)
  An iguana (D:4)
  5 adders
  2 dart slugs (D:2)
  3 orcs (D:3)
  2 ball pythons
  9 bats
  3 giant cockroaches
  10 goblins
  8 hobgoblins
  2 jackals (D:3)
  9 kobolds
  2 quokkas (D:3)
  7 frilled lizards
  4 rats (D:1)
72 creatures vanquished.

Notes
Turn   | Place    | Note
-------+----------+-------------------------------------------
     0 | D:1      | yukitheduck the Troll Transmuter began the quest for the Orb.
     0 | D:1      | Reached XP level 1. HP: 18/18 MP: 1/1
    71 | D:1      | Reached skill level 2 in Transmutations
    73 | D:1      | Reached XP level 2. HP: 20/26 MP: 2/2
   844 | D:2      | Reached XP level 3. HP: 32/32 MP: 1/3
  1018 | D:2      | Learned a level 3 spell: Spider Form
  1067 | D:2      | Reached skill level 3 in Transmutations
  1348 | D:2      | Found a radiant altar of Vehumet.
  1566 | D:3      | Reached XP level 4. HP: 37/40 MP: 2/4
  1896 | D:3      | Found an opulent altar of Gozag.
  2343 | D:4      | Reached XP level 5. HP: 46/46 MP: 3/5
  2371 | D:4      | Reached skill level 4 in Transmutations
  2418 | D:4      | Noticed an ogre
  2425 | D:4      | Killed an ogre
  2425 | D:4      | Reached XP level 6. HP: 35/54 MP: 4/6
  2459 | D:4      | Reached skill level 5 in Transmutations
  2655 | D:4      | Found Feesined's Jewellery Shop.
  2669 | D:4      | Noticed Sigmund
  2685 | D:4      | HP: 1/54 [something (10)]
  2688 | D:4      | Killed from afar by an orc priest

Vault maps used:
D:1:      sevenhm_arrival_forest_fort_large_3, minmay_misc_feat_chi
D:2:      vehumet_crystals
D:3:      nicolae_gozag_cash_rules_everything_around_me
D:4:      serial_shops, shop, kennysheep_generic_room_15, uniq_sigmund

Skill      XL: |  1  2  3  4  5  6 |
---------------+-------------------+-----
Transmutations | 2 3 4 5 |  5.1
Fighting       | |  0.7
Dodging        | |  1.5
Unarmed Combat | |  3.0
Spellcasting   | |  1.2

Action                   |  1- 3 |  4- 6 || total
-------------------------+-------+-------++-------
Melee: Unarmed           |   116 |    84 ||   200
       Headbutt          |     8 |     4 ||    12
       Kick              |     3 |     8 ||    11
       Punch             |       |     1 ||     1
 Cast: Beastly Appendage |    26 |    12 ||    38
       Spider Form       |       |     1 ||     1
  Use: Scroll            |       |    12 ||    12
       Potion            |       |     1 ||     1
  Eat: Chunk             |    20 |    12 ||    32
Armor: Robe              |    45 |    33 ||    78
Dodge: Dodged            |    55 |    37 ||    92
